 Seeded DCSS version 0.30-a0-857-gcaf70739d4 (webtiles) character file.

Game seed: 5771765905922444609 (custom seed)

3171 bmack86 the Cleaver (level 9, -3/79 HPs)
             Began as a Minotaur Fighter on Mar 5, 2023.
             Was a Priest of Okawaru.
             Slain by a wyvern (4 damage)
             ... on level 7 of the Dungeon.
             The game lasted 00:12:26 (4835 turns).

bmack86 the Cleaver (Minotaur Fighter)              Turns: 4835, Time: 00:12:27

Health: -3/79      AC: 16    Str: 26    XL:     9   Next: 63%
Magic:  10/10      EV:  7    Int:  5    God:    Okawaru [***...]
Gold:   342        SH:  5    Dex:  9    Spells: 8/8 levels left

rFire   . . .      SeeInvis .    t - +2 broad axe (freeze)
rCold   . . .      Faith    +    c - +0 buckler
rNeg    . . .      Spirit   .    k - +0 plate armour
rPois   .          Reflect  .    (helmet restricted)
rElec   .          Rampage  .    (no cloak)
rCorr   .                        i - +0 pair of gloves
Will    .....                    f - +1 pair of boots Stlth
                                 o - amulet of faith
HPRegen 0.33/turn                (no ring)
MPRegen 0.12/turn                (no ring)

@: mighty
A: horns 2, retaliatory headbutt
a: Renounce Religion, Heroism


You were on level 7 of the Dungeon.
You worshipped Okawaru.
Okawaru was most pleased with you.
You visited 2 branches of the dungeon, and saw 8 of its levels.

You collected 396 gold pieces.
You spent 54 gold pieces at shops.

Inventory:

Hand Weapons
 a - a +1 war axe
 t - a +2 broad axe of freezing (weapon)
 z - a +0 broad axe
Missiles
 g - 17 poisoned darts
 v - 9 boomerangs (quivered)
Armour
 b - a +0 scale mail
 c - a +0 buckler (worn)
 f - a +1 pair of boots (worn)
 i - a +0 pair of gloves (worn)
 j - a +2 ring mail of willpower
 k - a +0 plate armour (worn)
Jewellery
 h - an amulet of the acrobat
 o - an amulet of faith (around neck)
Wands
 u - a wand of iceblast (12)
 x - a wand of flame (33)
 y - a wand of polymorph (14)
Potions
 d - a potion of might
 e - a potion of brilliance
 l - 2 potions of lignification
 m - a potion of cancellation
 n - 2 potions of mutation
 p - a potion of haste
 q - 2 potions of attraction
 s - a potion of berserk rage
 w - a potion of invisibility {unknown}


   Skills:
 + Level 7.3 Fighting
 * Level 9.3 Axes
 + Level 5.0 Throwing
 + Level 7.3 Armour
 + Level 7.4 Shields
 + Level 3.5 Invocations


You had 8 spell levels left.
You didn't know any spells.
Your spell library contained the following spells:

 Spells                   Type           Power      Damage    Failure   Level
 Cigotuvi's Dreadful Rot  Necr/Pois/Air  0%         N/A       100%        2
 Poisonous Vapours        Pois/Air       0%         N/A       100%        2
 Mephitic Cloud           Conj/Pois/Air  0%         N/A       100%        3
 Summon Ice Beast         Ice/Summ       Unusable   N/A       N/A         4
 Summon Mana Viper        Hex/Summ       Unusable   N/A       N/A         5
 Monstrous Menagerie      Summ           Unusable   N/A       N/A         7

Dungeon Overview and Level Annotations

Branches:
Dungeon (7/15)             Temple (1/1) D:6

Altars:
Cheibriados
Dithmenos
Gozag
Okawaru
Sif Muna
Trog
Wu Jian
Zin

Shops:
D:2 *   D:5 (?:[?

Annotations:
D:3 2 transporters, hero57213's ghost, amateur MiFi


Innate Abilities, Weirdness & Mutations

You have a pair of horns on your head.
You reflexively headbutt those who attack you in melee.


Message History

* * * LOW HITPOINT WARNING * * *
You hit the boulder beetle but do no damage.
You headbutt the boulder beetle, but do no damage.
The boulder beetle is almost dead.
You hit something. You freeze something.
Something hits you but does no damage. x2
The boulder beetle bites you but does no damage.
You slash the boulder beetle! You freeze the boulder beetle.
You kill the boulder beetle!
Okawaru is honoured by your kill.
Okawaru will now gift you throwing weapons as you gain piety.
You closely miss something.
You feel like a meek peon again. Something hits you.
* * * LOW HITPOINT WARNING * * *
You block something's attack.
Your Axes skill increases to level 9!
Your Throwing skill increases to level 5!
You barely miss something. Your headbutt misses something. Something hits you.
* * * LOW HITPOINT WARNING * * *
You block something's attack.
As you read the scroll of fog, it crumbles to dust.
The scroll dissolves into smoke.
Something hits you but does no damage. You block something's attack.
Something hits you but does no damage. x2
Something hits you.
* * * LOW HITPOINT WARNING * * *
The vampire mosquito bites you but does no damage.
You slash the vampire mosquito! You freeze the vampire mosquito.
Your headbutt misses the vampire mosquito.
The vampire mosquito is moderately damaged.
You miss something. Something hits you.
* * * LOW HITPOINT WARNING * * *
The vampire mosquito bites you but does no damage.
The vampire mosquito bites you.
* * * LOW HITPOINT WARNING * * *
The vampire mosquito draws strength from your injuries!
Something hits you but does no damage.
You feel very mighty all of a sudden. The wyvern bites you.
You die...

......# #.:...?[....#
..<...# #.........#
+#'#'## #.......#
...#.# #[.T..# ####.#
#§lo# .....# #§# ######
####§#### # #.§§yl§.# #
#.§{@§§.# #
###..§§§§.### #
#.'...⌠...'.## ##
#..#..⌠....#..# .#
#..#.⌠...⌠.#..# .# #.
#...)...#[.# .#
##'#########'## )###
..#...##8##...#
)).######.##..'...'..##


You could see a wyvern and a vampire mosquito.

Vanquished Creatures
  A boulder beetle (D:7)
  Maggie (D:7)
  2 steam dragons
  3 water moccasins
  A black bear (D:7)
  2 ice beasts
  An orc warrior (D:7)
  A kobold brigand (D:7)
  A phantom (D:7)
  A bullfrog (D:7)
  3 scorpions (D:6)
  7 hounds
  2 orc priests
  3 jellies
  Jessica (D:3)
  Terence (D:3)
  7 orc wizards
  Natasha (twice) (D:3)
  2 iguanas
  Robin (D:3)
  11 adders
  4 gnolls
  3 white imps
  2 worms (D:4)
  5 dart slugs
  16 orcs
  7 ball pythons
  3 bats
  8 endoplasms
  A giant cockroach (D:4)
  2 hobgoblins (D:3)
  2 jackals (D:5)
  3 quokkas
  2 frilled lizards (D:1)
  15 goblins
  14 kobolds
  2 rats
143 creatures vanquished.

Vanquished Creatures (others)
  6 plants (D:3)
6 creatures vanquished.

Grand Total: 149 creatures vanquished

Notes
Turn   | Place    | Note
-------+----------+-------------------------------------------
     0 | D:1      | bmack86 the Minotaur Fighter began the quest for the Orb.
     0 | D:1      | Reached XP level 1. HP: 19/19 MP: 0/0
   272 | D:1      | Reached XP level 2. HP: 26/27 MP: 1/1
   348 | D:1      | Reached skill level 3 in Axes
   732 | D:2      | Found Afuelet's Assorted Antiques.
   775 | D:2      | Bought a scroll labelled ONIRID LINLE for 27 gold pieces
   775 | D:2      | Bought a scroll labelled DAVUME JUAREPH for 27 gold pieces
  1077 | D:2      | Found a faded altar of an unknown god.
  1211 | D:2      | Reached XP level 3. HP: 29/33 MP: 2/2
  1349 | D:2      | Reached XP level 4. HP: 38/40 MP: 3/3
  1630 | D:3      | Noticed Terence
  1642 | D:3      | Killed Terence
  1643 | D:3      | Reached skill level 1 in Throwing
  1665 | D:3      | Identified the +0 leather armour of Mezcal {rF+}
  1685 | D:3      | Noticed Jessica
  1687 | D:3      | Killed Jessica
  1688 | D:3      | Reached skill level 4 in Axes
  1688 | D:3      | Reached XP level 5. HP: 47/47 MP: 4/4
  1931 | D:3      | Found a transporter.
  1931 | D:3      | Found a transporter.
  1932 | D:3      | Noticed Natasha
  1942 | D:3      | Killed Natasha
  2136 | D:3      | Reached XP level 6. HP: 55/55 MP: 5/5
  2159 | D:3      | Noticed Robin
  2178 | D:3      | Killed Robin
  2272 | D:3      | Noticed Natasha
  2280 | D:3      | Killed Natasha
  2281 | D:3      | Reached skill level 5 in Axes
  2334 | D:3      | Noticed hero57213's ghost (amateur MiFi)
  2406 | D:4      | Reached skill level 5 in Fighting
  2981 | D:4      | Reached skill level 5 in Armour
  3012 | D:5      | Entered Level 5 of the Dungeon
  3014 | D:5      | Found Umyexig's Magic Scroll Shoppe.
  3019 | D:5      | Reached skill level 5 in Shields
  3077 | D:5      | Found Fadiwig's Weapon Shop.
  3215 | D:5      | Found Umideejix's Magic Scroll Emporium.
  3301 | D:5      | Found Tonox's Book Emporium.
  3395 | D:5      | Reached XP level 7. HP: 61/61 MP: 6/6
  3427 | D:5      | Found Niogocze's Antique Armour Boutique.
  3626 | D:6      | Reached skill level 6 in Axes
  3789 | D:6      | Found a staircase to the Ecumenical Temple.
  3805 | Temple   | Entered the Ecumenical Temple
  3819 | Temple   | Became a worshipper of Warmaster Okawaru
  3939 | D:6      | Reached XP level 8. HP: 66/70 MP: 7/7
  3963 | D:6      | Reached skill level 7 in Axes
  3963 | D:6      | Reached skill level 1 in Invocations
  3970 | D:6      | Reached * piety under Okawaru
  4077 | D:6      | Identified a scroll of acquirement
  4077 | D:6      | Acquired a +2 broad axe of freezing
  4329 | D:7      | HP: 1/71 [orc warrior/+0 halberd (3)]
  4418 | D:7      | Reached skill level 8 in Axes
  4518 | D:7      | Found a bloodstained altar of Trog.
  4603 | D:7      | Reached XP level 9. HP: 61/78 MP: 9/9
  4659 | D:7      | Noticed Maggie
  4671 | D:7      | Killed Maggie
  4802 | D:7      | Noticed a boulder beetle
  4804 | D:7      | Noticed a troll
  4821 | D:7      | Reached ** piety under Okawaru
  4829 | D:7      | Killed a boulder beetle
  4829 | D:7      | Reached *** piety under Okawaru
  4830 | D:7      | Reached skill level 9 in Axes
  4830 | D:7      | Reached skill level 5 in Throwing
  4834 | D:7      | HP: 2/79 [something (6)]
  4835 | D:7      | Slain by a wyvern

Illustrated notes

Levels and vault maps discovered:
D:1:      dpeg_arrival_short_road, layout_loops_cross
D:2:      layout_loops_ring, serial_shops, nicolae_shop_crystal,
          shapermc_ecumenical_altar_mp_highgroup, grunt_ministairs_10,
          minmay_misc_feat_hallway
D:3:      layout_basic, gammafunk_ghost_gnarly_gnolls, uniq_terence,
          uniq_jessica, uniq_robin, uniq_natasha
D:4:      minmay_general_purpose_star, layout_cave_pools, dk_noncrumbling_3,
          minmay_vboxes
D:5:      layout_gridville, serial_shops, shop, shop_statue, shop,
          nicolae_shop_bloodbath_and_beyond, shop_scrolls, nrook_campfire
D:6:      layout_cave_pools, minmay_temple_entry_offerings
D:7:      minmay_chambers_of_sevens, layout_basic, trog_three_pillars_becter,
          reono_crystal_passage, uniq_duvessa, uniq_maggie
Temple:   nicolae_temple_bog_church

Skill      XL: |  1  2  3  4  5  6  7  8  9 |
---------------+----------------------------+-----
Axes           | 3 4 5 6 8 9 |  9.3
Fighting       | 4 5 6 7 |  7.3
Armour         | 4 5 6 7 |  7.3
Shields        | 4 5 6 7 |  7.4
Throwing       | 1 2 3 4 5 |  5.0
Invocations    | 2 3 |  3.5

Action                     |  1- 3 |  4- 6 |  7- 9 || total
---------------------------+-------+-------+-------++-------
  Melee: War axe           |    50 |   133 |    56 ||   239
         Headbutt          |     6 |    17 |    24 ||    47
         Broad axe         |       |       |    80 ||    80
  Throw: Boomerang         |       |     9 |    11 ||    20
 Invoke: Heroism           |       |       |     3 ||     3
    Use: Scroll            |     7 |     7 |     7 ||    21
         Potion            |       |       |     2 ||     2
 Armour: Scale mail        |    14 |       |       ||    14
         Ring mail         |    12 |    76 |    51 ||   139
         Plate armour      |       |       |    37 ||    37
  Dodge: Dodged            |    33 |   100 |    65 ||   198
  Block: Buckler           |    12 |    39 |    38 ||    89

Table legend: (Time is in decaauts)
 A = Elapsed time spent in this place.
 B = Non-inter-level travel time spent in this place.
 C = Inter-level travel time spent in this place.
 D = Time resting spent in this place.
 E = Time spent auto-exploring this place.
 F = Levels seen in this place.
 G = Mean time per level.
                   A        B        C        D        E       F      G
               +--------+--------+--------+--------+--------+-----+--------+
         Total |   4919 |   4849 |     70 |      0 |   3511 |   8 |  614.9 |
       Dungeon |   4882 |   4824 |     58 |      0 |   3507 |   7 |  697.4 |
        Temple |     37 |     25 |     12 |      0 |      4 |   1 |   37.0 |
               +--------+--------+--------+--------+--------+-----+--------+

Top non-repeatable levels by time:
     D:3: 900 daAuts
     D:2: 838 daAuts
     D:6: 674 daAuts
     D:4: 669 daAuts
     D:1: 659 daAuts
     D:5: 573 daAuts
     D:7: 566 daAuts
  Temple: 37 daAuts
